 Dungeon Crawl Stone Soup version 0.31-a0-1025-g2e47921a08 (webtiles) character file.

Game seed: 6614898014520825742

21 kae the Vexing (level 2, -2/19 HPs)
             Began as a Demonspawn Enchanter on Nov 17, 2023.
             Slain by an adder (3 damage)
             ... on level 2 of the Dungeon.
             The game lasted 00:00:43 (773 turns).

kae the Vexing (Demonspawn Enchanter)                Turns: 773, Time: 00:00:43

Health: -2/19      AC:  2    Str:  8    XL:     2   Next: 65%
Magic:  1/5        EV: 12    Int: 16    God:
Gold:   78         SH:  0    Dex: 13    Spells: 3/5 levels left

rFire   . . .        a - +1 dagger
rCold   . . .        (no shield)
rNeg    . . .        b - +0 robe
rPois   .            (no helmet)
rElec   .            (no cloak)
rCorr   .            (no gloves)
SInv    .            (no boots)
Will    .....        (no amulet)
Stlth   ++           (no ring)
HPRegen 0.23/turn    (no ring)
MPRegen 0.09/turn

%: no passive effects
@: lethally poisoned (-2 -> -7), very slightly contaminated
A: demonic touch 1
a: no special abilities


You were on level 2 of the Dungeon.
You visited 1 branch of the dungeon, and saw 2 of its levels.

You collected 78 gold pieces.


Innate Abilities, Weirdness & Mutations

Your touch may inflict minor irresistible damage on your foes.


   Skills:
 * Level 1.5 Short Blades
 - Level 1.7 Dodging
 + Level 2.9 Stealth
 + Level 2.2 Spellcasting
 + Level 3.2 Hexes
 + Level 0.2 Ice Magic


You had 3 spell levels left.
You knew the following spells:

 Your Spells              Type           Power      Damage    Failure   Level
a - Ensorcelled Hibernat  Hex/Ice        14%        N/A       16%         2

Your spell library contained the following spells:

 Spells                   Type           Power      Damage    Failure   Level
 Confusing Touch          Hex            12%        N/A       16%         3
 Tukima's Dance           Hex            12%        N/A       16%         3
 Shock                    Conj/Air       4%         1d3       21%         1
 Dazzling Flash           Conj/Hex       12%        N/A       32%         3
 Swiftness                Air            1%         N/A       52%         3
 Airstrike                Air            0%         2d(1-17)  90%         4

Inventory:

Hand Weapons
 a - a +1 dagger (weapon)
Missiles
 d - 17 stones
 g - 6 javelins
Armour
 b - a +0 robe (worn)
Scrolls
 e - a scroll of amnesia {unknown}
 i - a scroll of identify {unknown}
Potions
 c - 2 potions of invisibility
 f - a potion of haste {unknown}
 h - a potion of cancellation {unknown}

Dungeon Overview and Level Annotations

Branches:
Dungeon (2/15) Zot: 11229

Altars:

#.# #.# ... #.# .$..
##.## ... ##...##
##...##### # ##.#.#.##
#)#.#.....
#.##.##.##.###.#.......
#..........<...#.#..#
####.##.##.##.@g..#.#
##.#.......[S....#
##.%.####....#.....
##### ##.#.......
#........# ###.##.## .#
.# .# # .#


You could see an adder and a hobgoblin.


Message History

You can't see any susceptible monsters within range! (Use Z to cast anyway.)
You see here a +0 short sword. 😮 HP[+1]
You now have 57 gold pieces (gained 4).
You now have 70 gold pieces (gained 13).
You now have 78 gold pieces (gained 8).
Key pressed, stopping explore.
No target in view!
No target in view! 😎 HP[+8] MP[+2]
Your hp is fully restored (19).
Your mp is fully restored (5).
No target in view!
No target in view!
No target in view!
No target in view!
You see here a +0 short sword.
Done exploring.
Done exploring.
No target in view!
No target in view!
Done exploring.
No target in view!
No target in view!
Done exploring.
There is a stone staircase leading down here.
You climb downwards.
There is a stone staircase leading up here.
There are monsters nearby!
Okay, then.
The helpless rat fails to defend itself.
You puncture the rat!
You kill the rat!
No target in view!
No target in view!
No target in view!
No target in view!
No target in view!
You see here a maw talisman.
There is a stone staircase leading up here.
An adder comes into view.
A hobgoblin is nearby!
The hobgoblin shouts!
You see here a +0 cloak.
The adder hisses angrily.
There are monsters nearby!
There are monsters nearby!
You miss the adder.
The hobgoblin hits you but does no damage.
The adder bites you.
You closely miss the adder. The hobgoblin barely misses you.
The adder bites you. 😕 HP[-3]
You take 3 damage, and now have 16/19 hp.
You hit the adder. Your touch misses the adder. The adder bites you.
The hobgoblin hits you.
You are too injured to fight recklessly! 😮 HP[-4]
You take 4 damage, and now have 12/19 hp.
MASSIVE DAMAGE!! (PAUSE)
Casting: Ensorcelled Hibernation (safe; 16% risk of failure)
Confirm with . or Enter, or press ? or * to list all spells.
Aiming: Ensorcelled Hibernation (safe; 16% risk of failure)
Press: ? - help, Shift-Dir - straight line, f - hobgoblin
Aim: a hobgoblin (chance to affect: 58%)
You miscast Ensorcelled Hibernation.
You are very lightly contaminated with residual magic.
Nothing appears to happen.
The adder barely misses you. The hobgoblin hits you.
* * * LOW HITPOINT WARNING * * *
The adder bites you.
* * * LOW HITPOINT WARNING * * *
😨 HP[-4] MP[-2]
You take 4 damage, and now have 8/19 hp.
MASSIVE DAMAGE!! (PAUSE)
You lost 2 mp, and now have 3/5 mp.
Casting: Ensorcelled Hibernation (safe; 16% risk of failure)
Confirm with . or Enter, or press ? or * to list all spells.
Aiming: Ensorcelled Hibernation (safe; 16% risk of failure)
Press: ? - help, Shift-Dir - straight line, f/p - hobgoblin
Aim: a hobgoblin (chance to affect: 58%)
The hobgoblin resists with significant effort.
The hobgoblin barely misses you. The adder barely misses you. 😨 MP[-2]
You lost 2 mp, and now have 1/5 mp.
Unknown command.
Casting: Ensorcelled Hibernation (safe; 16% risk of failure)
Confirm with . or Enter, or press ? or * to list all spells.
You don't have enough magic to cast this spell.
You hit the hobgoblin. The adder bites you.
* * * LOW HITPOINT WARNING * * *
You are lethally poisoned!
The adder poisons you! The hobgoblin misses you. 😨 HP[-3]
You take 3 damage, and now have 5/19 hp.
* * * LOW HITPOINT WARNING * * *
You feel sick.
The hobgoblin attacks as it pursues you!
The hobgoblin hits you.
* * * LOW HITPOINT WARNING * * *
The adder bites you.
You die...

Skill      XL: |  1 |
---------------+----+-----
Short Blades   | 1 |  1.5
Dodging        | |  1.7
Stealth        | |  2.9
Spellcasting   | |  2.2
Hexes          | |  3.2
Ice Magic      | |  0.2

Action                     || total
---------------------------++-------
  Melee: Dagger            ||    67
         Touch             ||     3
   Cast: Ensorcelled Hiber ||     2
   Stab: Sleeping          ||     2
 Armour: Robe              ||    40
  Dodge: Dodged            ||    39

Levels and vault maps discovered:
D:1:      scummos_arrival_hexagon, layout_basic, serial_bayou_pond_a,
          interstate_on_off
D:2:      layout_loops_ring, basic_altar

Notes
Turn   | Place    | Note
-------+----------+-------------------------------------------
     0 | D:1      | kae the Demonspawn Enchanter began the quest for the Orb.
     0 | D:1      | Reached XP level 1. HP: 13/13 MP: 3/3
     0 | D:1      | magus.rc [v1.11.3]
    36 | D:1      | HP: 2/13 [hobgoblin (5)]
    38 | D:1      | Reached skill level 1 in Short Blades
   224 | D:1      | You feel monstrous as your demonic heritage exerts itself.
   224 | D:1      | Discovered your monstrous ancestry.
   224 | D:1      | Gained mutation: Your touch may inflict minor irresistible
                  | damage on your foes. [demonic ancestry]
   224 | D:1      | Reached XP level 2. HP: 19/19 MP: 5/5
   227 | D:1      | Learned a level 2 spell: Ensorcelled Hibernation
   394 | D:1      | You pick up a book of Air and begin reading...
   394 | D:1      | You add the spells Shock, Swiftness and Airstrike to your
                  | library.
   773 | D:2      | HP: 4/19 [poisoned by an adder]
   773 | D:2      | HP: 1/19 [hobgoblin (3)]
   773 | D:2      | Slain by an adder

Vanquished Creatures
  A dart slug (D:1)
  3 bats (D:1)
  An endoplasm (D:1)
  A giant cockroach (D:1)
  A goblin (D:1)
  2 hobgoblins (D:1)
  2 kobolds (D:1)
  A quokka (D:1)
  3 ball pythons (D:1)
  A frilled lizard (D:1)
  A rat (D:2)
17 creatures vanquished.

Table legend:
 A = Non-vault XP
 B = Vault XP
 C = Vault XP percentage of total XP
 D = Non-vault monster count
 E = Vault monster count
 F = Vault count percentage of total count
                 A         B        C        D         E       F
            +---------+---------+-------+---------+---------+-------
      Total |      31 |       0 |   0.0 |      17 |       0 |   0.0
            +---------+---------+-------+---------+---------+-------
        D:1 |      30 |       0 |   0.0 |      16 |       0 |   0.0
        D:2 |       1 |       0 |   0.0 |       1 |       0 |   0.0
            +---------+---------+-------+---------+---------+-------

Skill      XL: |  1 |
---------------+----+-----
Short Blades   | 1 |  1.5
Dodging        | |  1.7
Stealth        | |  2.9
Spellcasting   | |  2.2
Hexes          | |  3.2
Ice Magic      | |  0.2

Action                     || total
---------------------------++-------
  Melee: Dagger            ||    67
         Touch             ||     3
   Cast: Ensorcelled Hiber ||     2
   Stab: Sleeping          ||     2
 Armour: Robe              ||    40
  Dodge: Dodged            ||    39

Illustrated notes

Table legend:
 A = Kills in this place as a percentage of kills in the entire game.
 B = Kills by you in this place as a percentage of kills by you in the entire game.
 C = Kills by friends in this place as a percentage of kills by friends in the entire game.
 D = Other kills in this place as a percentage of other kills in the entire game.
 E = Experience gained in this place as a percentage of experience gained in the entire game.
 F = Experience gained in this place divided by the number of levels of this place that you have seen.
                   A       B       C       D       E      F
               +-------+-------+-------+-------+-------+----------------------
         Total | 100.0 | 100.0 |   N/A |   N/A | 100.0 |  15.5
       Dungeon | 100.0 | 100.0 |   N/A |   N/A | 100.0 |  15.5
               +-------+-------+-------+-------+-------+----------------------

Table legend: (Time is in decaauts)
 A = Elapsed time spent in this place.
 B = Non-inter-level travel time spent in this place.
 C = Inter-level travel time spent in this place.
 D = Time resting spent in this place.
 E = Time spent auto-exploring this place.
 F = Levels seen in this place.
 G = Mean time per level.
                   A        B        C        D        E       F      G
               +--------+--------+--------+--------+--------+-----+--------+
         Total |    769 |    729 |     40 |     31 |    542 |   2 |  384.5 |
       Dungeon |    769 |    729 |     40 |     31 |    542 |   2 |  384.5 |
               +--------+--------+--------+--------+--------+-----+--------+

Top non-repeatable levels by time:
     D:1: 741 daAuts
     D:2: 28 daAuts
